AoeStats
← 从不压堡之人

Arena

509054535Analyzed
4v4 RM · 8d ago on Sep 25, 2026· 44m 49s· 8 players
Game mode
Random Map
Map size
Large (8 player)
Population
200
Speed
Normal
Resources
Standard
Victory
Conquest
Starting age
Dark Age
Ending age
Imperial Age
RankedLock teamsTeams togetherTeam positionsShared explorationLock speedFull tech treeHidden civsTurbo modeCheats
Victory
Defeat
🇨🇳 Vikings · China
1384
+10
🇨🇳 Hindustanis · China
1251
+15
1184
+18
🇨🇳 Spanish · China
1079
+23
🇹🇼 Magyars · Taiwan
1266
-18
🇹🇼 Slavs · Taiwan
1225
-16
1220
-16
1219
-16
kirk
10:57 Feudal Age
11:35 Double-Bit Axe
14:29 Castle Age
12:36 Horse Collar
15:41 Bow Saw
17:42 Wheelbarrow
23:35 Gold Mining
23:36 Stone Mining
28:26 Imperial Age
26:11 Forging
26:01 Scale Mail Armor
26:07 Scale Barding Armor
26:54 Hand Cart
26:26 Loom
26:26 Town Watch
27:31 Arson
27:46 Squires
28:54 Iron Casting
28:34 Chain Mail Armor
28:39 Chain Barding Armor
28:27 Husbandry
28:37 Bloodlines
28:44 Heavy Camel Rider
29:53 Conscription
30:42 Gold Shaft Mining
30:43 Stone Shaft Mining
30:03 Elite Ghulam
32:10 Blast Furnace
33:33 Plate Barding Armor
33:15 Caravan
32:54 Imperial Camel Rider
从不压堡之人
10:26 Feudal Age
14:05 Castle Age
13:34 Loom
25:22 Double-Bit Axe
27:36 Bow Saw
27:20 Horse Collar
28:43 Heavy Plow
30:05 Town Watch
32:57 Wheelbarrow
33:37 Caravan
34:57 Fletching
38:11 Imperial Age
36:24 Husbandry
36:34 Bloodlines
36:28 Gold Mining
37:27 Bodkin Arrow
37:53 Masonry
38:04 Ballistics
39:53 Chemistry
38:57 Stone Mining
39:38 Conscription
39:28 Bracer
40:14 Padded Archer Armor
40:20 Scale Barding Armor
40:49 Guilds
41:44 Stone Shaft Mining
42:35 Supremacy
41:39 Elite Conquistador
43:39 Inquisition
44:11 Architecture
43:32 Guard Tower
43:28 Arrowslits
44:42 Town Patrol
44:57 Hand Cart
叫声乌鸦哥
9:59 Feudal Age
13:43 Castle Age
12:22 Double-Bit Axe
12:17 Horse Collar
14:42 Heavy Plow
20:35 Bow Saw
20:50 Gold Mining
21:14 Loom
21:15 Town Watch
22:54 Gold Shaft Mining
23:01 Squires
23:02 Scale Mail Armor
24:24 Chain Mail Armor
24:46 Forging
24:23 Arson
26:58 Iron Casting
30:23 Imperial Age
30:27 Capped Ram
30:28 Elite Varangian Guard
31:39 Plate Mail Armor
32:03 Conscription
32:38 Chieftains
35:12 Two-Man Saw
35:34 Blast Furnace
34:11 Elite Berserk
35:00 Stone Mining
35:33 Masonry
35:15 Fletching
36:00 Elite Berserk
37:06 Caravan
37:23 Bodkin Arrow
37:49 Ballistics
38:31 Chemistry
39:19 Architecture
39:34 Bracer
40:51 Hoardings
43:38 Siege Engineers
43:12 Siege Ram
B站胡某怎么还在种田
10:44 Feudal Age
11:24 Double-Bit Axe
14:27 Castle Age
12:17 Horse Collar
14:30 Wheelbarrow
15:25 Bow Saw
15:36 Heavy Plow
23:31 Gold Mining
23:34 Stone Mining
24:04 Hand Cart
25:50 Gold Shaft Mining
25:53 Loom
28:38 Imperial Age
26:32 Caravan
26:30 Town Watch
27:54 Scale Barding Armor
27:59 Forging
29:28 Iron Casting
29:44 Chain Barding Armor
29:15 Fletching
29:43 Siege Engineers
30:42 Chemistry
30:23 Crop Rotation
29:22 Capped Ram
30:37 Ballistics
31:03 Plate Barding Armor
31:28 Blast Furnace
31:02 Bodkin Arrow
30:38 Siege Ram
31:46 Conscription
31:21 Heavy Scorpion
32:33 Elite Centurion
33:33 Masonry
33:19 Murder Holes
33:34 Fortified Wall
33:43 Bloodlines
33:33 Husbandry
34:49 Comitatenses
34:34 Ballistas
35:01 Architecture
34:54 Scale Mail Armor
36:08 Chain Mail Armor
35:15 Man-at-Arms
35:15 Pikeman
35:55 Squires
36:25 Halberdier
36:25 Long Swordsman
39:46 Coinage
George
10:44 Feudal Age
15:10 Castle Age
14:14 Double-Bit Axe
14:45 Horse Collar
20:54 Loom
26:32 Wheelbarrow
26:29 Bow Saw
32:18 Imperial Age
30:04 Hand Cart
30:12 Hand Cart
29:46 Town Watch
31:18 Heavy Plow
33:20 Cavalier
34:00 Husbandry
34:11 Bloodlines
34:54 Crop Rotation
35:26 Two-Man Saw
34:49 Scale Barding Armor
35:07 Town Patrol
35:43 Gold Mining
37:51 Gold Shaft Mining
38:41 Paladin
40:45 Ballistics
41:28 Chemistry
41:22 Chain Barding Armor
40:54 Fletching
41:23 Thumb Ring
42:13 Corvinian Army
メリダ
9:57 Feudal Age
14:26 Castle Age
12:53 Double-Bit Axe
14:19 Horse Collar
18:00 Loom
21:49 Wheelbarrow
21:34 Bow Saw
23:10 Heavy Plow
23:03 Gold Mining
24:43 Stone Mining
25:53 Scale Barding Armor
26:00 Forging
29:27 Imperial Age
28:01 Gold Shaft Mining
27:32 Scale Mail Armor
28:08 Iron Casting
27:05 Man-at-Arms
27:06 Pikeman
27:46 Squires
27:56 Long Swordsman
29:49 Hand Cart
30:12 Chain Mail Armor
29:31 Two-Handed Swordsman
31:19 Town Watch
31:36 Druzhina
31:59 Conscription
31:02 Champion
32:18 Plate Mail Armor
33:09 Crop Rotation
33:43 Blast Furnace
35:05 Two-Man Saw
33:58 Fletching
34:14 Detinets
33:53 Capped Ram
35:09 Halberdier
36:05 Bodkin Arrow
37:13 Chemistry
36:23 Siege Engineers
37:48 Fortified Wall
39:08 Masonry
40:18 Chemistry
42:25 Elite Skirmisher
43:14 Padded Archer Armor
44:16 Murder Holes
江泽民胡锦涛习近平
9:28 Feudal Age
11:27 Loom
14:36 Castle Age
12:56 Double-Bit Axe
13:02 Horse Collar
15:45 Bow Saw
15:38 Heavy Plow
21:37 Wheelbarrow
22:01 Stone Mining
22:28 Gold Mining
23:15 Fletching
23:26 Padded Archer Armor
25:07 Hand Cart
24:38 Town Watch
24:51 Bodkin Arrow
25:17 Leather Archer Armor
26:08 Town Patrol
26:33 Squires
26:19 Arson
27:31 Ballistics
27:50 Gold Shaft Mining
27:27 Scale Mail Armor
27:38 Forging
27:24 Crossbowman
27:24 Elite Skirmisher
27:49 Pikeman
28:15 Gambesons
28:16 Arson
28:58 Murder Holes
28:59 Gambesons
29:34 Chain Mail Armor
32:30 Imperial Age
31:50 Yeomen
32:09 Iron Casting
33:40 Conscription
32:40 Elite Longbowman
33:29 Bracer
34:33 Conscription
35:23 Two-Man Saw
34:58 Ring Archer Armor
35:44 Chemistry
35:46 Blast Furnace
35:16 Plate Mail Armor
34:21 Elite Longbowman
35:33 Man-at-Arms
36:19 Long Swordsman
36:58 Arbalester
37:18 Two-Handed Swordsman
42:22 Champion
ሰላምنعمة˙ʞɐɥʇ
6:30 Loom
9:06 Feudal Age
10:12 Double-Bit Axe
11:28 Fletching
23:15 Castle Age
21:32 Horse Collar
21:48 Gold Mining
24:12 Heavy Plow
24:24 Bow Saw
24:40 Bodkin Arrow
27:28 Town Watch
27:56 Stone Mining
33:20 Imperial Age
31:28 Scale Mail Armor
31:39 Forging
32:43 Chain Mail Armor
32:53 Man-at-Arms
33:34 Squires
34:22 Crenellations
34:23 Conscription
35:23 Wheelbarrow
34:12 Long Swordsman
36:26 Chemistry
36:20 Fortified Wall
38:54 Two-Handed Swordsman
39:20 Gambesons
40:09 Plate Mail Armor
40:16 Iron Casting
40:56 Hand Cart
41:35 Masonry
41:28 Capped Ram
44:04 Blast Furnace
42:55 Champion
Connection lost

Rejoining the realm…

Still unreachable

The connection could not be restored.

Session expired

The server has moved on; the page needs a fresh start.